 Dungeon Crawl Stone Soup version 0.30-a0-469-g84de5afbc5 (webtiles) character file.

Game seed: 6592262724190194285

100 tilp the Covered (level 5, -3/46 HPs)
             Began as a Meteoran Fighter on Dec 19, 2022.
             Slain by Prince Ribbit (12 damage)
             ... on level 7 of the Dungeon.
             The game lasted 00:02:34 (413 turns).

tilp the Covered (Meteoran Fighter)                  Turns: 413, Time: 00:02:34

Health: -3/46      AC:  7    Str: 16    XL:     5   Next: 25%
Magic:  6/6        EV: 10    Int: 14    God:
Gold:   23         SH:  5    Dex: 14    Spells: 4/4 levels left

rFire   . . .      SeeInvis .    a - +0 long sword
rCold   . . .      Faith    .    c - +0 buckler
rNeg    . . .      Spirit   .    b - +0 scale mail
rPois   +          Reflect  .    (no helmet)
rElec   .          Harm     .    (no cloak)
rCorr   .          Rampage  .    (no gloves)
Will    .....                    (no boots)
Stlth   ..........               (no amulet)
HPRegen 0.27/turn                (no ring)
MPRegen 0.10/turn                (no ring)

@: attractive, glowing
A: sense surroundings 1, otherworldly, glowing, explore regen, clever 1, poison
resistance
a: no special abilities


You were on level 7 of the Dungeon.
You visited 1 branch of the dungeon, and saw 5 of its levels.

You collected 23 gold pieces.

Inventory:

Hand Weapons
 a - a +0 long sword (weapon)
Armour
 b - a +0 scale mail (worn)
 c - a +0 buckler (worn)
 i - an orb of energy
Scrolls
 d - a scroll of fear {unknown}
 f - a scroll of immolation {unknown}
 g - a scroll of enchant armour {unknown}
Potions
 j - a potion of curing


   Skills:
 + Level 3.8 Fighting
 + Level 3.1 Long Blades
 - Level 4.0 Armour
 * Level 2.7 Dodging
 + Level 1.2 Stealth
 - Level 4.0 Shields


You had 4 spell levels left.
You didn't know any spells.
Your spell library contained the following spells:

 Spells                   Type           Power      Damage    Failure   Level
 Sublimation of Blood     Necr           0%         N/A       89%         2
 Petrify                  Tmut/Erth      0%         N/A       100%        4
 Irradiate                Conj/Tmut      0%         3d11      100%        5


Dungeon Overview and Level Annotations

Branches:
Dungeon (4/15) Zot: 2568
 Temple: D:4-7

Altars:
Qazlal
Uskayaw

Annotations:
D:7 Prince Ribbit


Innate Abilities, Weirdness & Mutations

You passively map a small area around you.
You are easily found by Zot.
You glow in the dark.
You regain HP and MP as you explore.
Your mind is acute. (Int +4, Str/Dex -1)
Your system is resistant to poisons. (rPois)


Message History

You kill the giant cockroach!
You see here a giant cockroach corpse.
Found a jewelled ivory wand.
Found a stone staircase leading down.
Found 11 gold pieces.
A sourceless malevolence fills the Dungeon...
You fall into a shaft and drop 3 floors!
The shaft crumbles and collapses.
Found a spear.
Found an escape hatch in the floor.
Prince Ribbit comes into view.
Found a mace.
Prince Ribbit croaks.
Found a scroll labelled QAOWKUT SUUGIW.
Found a hide-covered altar of Uskayaw.
It was a potion of curing.
You feel better.
It was a potion of mutation.
You feel extremely strange.
You feel clever.
You feel resistant to poisons. Prince Ribbit hits you!
You miss Prince Ribbit. Prince Ribbit hits you!
You closely miss Prince Ribbit.
Prince Ribbit hits you but does no damage.
Prince Ribbit blinks!
Prince Ribbit blinks!
You aren't carrying any items that you can evoke.
It was a potion of attraction.
You feel attractive to monsters. Prince Ribbit is attracted toward you.
You miss Prince Ribbit.
Prince Ribbit hits you but does no damage.
Prince Ribbit hits you.
You hit Prince Ribbit but do no damage. Prince Ribbit hits you!
* * * LOW HITPOINT WARNING * * *
Prince Ribbit hits you!
* * * LOW HITPOINT WARNING * * *
You hit Prince Ribbit.
Prince Ribbit is lightly wounded.
Prince Ribbit blinks!
Prince Ribbit is attracted toward you. Prince Ribbit barely misses you.
You miss Prince Ribbit. Prince Ribbit hits you!
You die...

#.., ...........##.# ,
#..?...............# ..,
#...............# *# ...
#......######..## #
...##...## #...##..######
.........##.....##.......
*
.........#.......#..#####
.......F....._...#..####
,
)...ยง...@#.......#.....#
,,
....###.###.....##.....#
.,, #.# ##...##......# ,
*###.##.#####.......# **
, #.....##.......#.....
#.........##...#.#### ,
#.........##...#.# , , ,
, #..............#.#,
#.....##+#.#.#.# ,


You could see Prince Ribbit.

Vanquished Creatures
  A scorpion (D:4)
  2 adders (D:4)
  A white imp (D:4)
  2 orcs
  2 endoplasms (D:1)
  2 giant cockroaches
  2 kobolds (D:4)
  A ball python (D:4)
  2 frilled lizards (D:1)
  A goblin (D:4)
16 creatures vanquished.

Notes
Turn   | Place    | Note
-------+----------+-------------------------------------------
     0 | D:1      | tilp the Meteoran Fighter began the quest for the Orb.
     0 | D:1      | Reached XP level 1. HP: 19/19 MP: 2/2
    64 | D:1      | Reached skill level 1 in Dodging
    64 | D:1      | Reached XP level 2. HP: 18/26 MP: 3/3
   108 | D:3      | Found a stormy altar of Qazlal.
   229 | D:4      | Reached XP level 3. HP: 31/31 MP: 4/4
   262 | D:4      | Noticed a scorpion
   273 | D:4      | Killed a scorpion
   274 | D:4      | Reached skill level 1 in Stealth
   274 | D:4      | Reached XP level 4. HP: 17/40 MP: 5/5
   274 | D:4      | Reached XP level 5. HP: 19/46 MP: 6/6
   369 | D:4      | You fall into a shaft and drop 3 floors!
   400 | D:7      | Noticed Prince Ribbit
   401 | D:7      | Found a hide-covered altar of Uskayaw.
   403 | D:7      | Gained mutation: Your mind is acute. (Int +4, Str/Dex -1)
                  | [potion of mutation]
   403 | D:7      | Gained mutation: Your system is resistant to poisons.
                  | (rPois) [potion of mutation]
   413 | D:7      | Slain by Prince Ribbit

Illustrated notes

Levels and vault maps discovered:
D:1:      dpeg_arrival_round_a, layout_loops_ring, serial_bayou_pond_a
D:2:      layout_basic, minmay_pentomino_t2, uniq_crazy_yiuf_cottage
D:3:      layout_loops_ring, mainiacjoe_overflow_brackets,
          dk_yredelemnul_ordeal, nicolae_wu_jian_wuxing_cycle,
          gammafunk_ghost_arena
D:4:      layout_cave_pods, gammafunk_ghost_smash, nrook_loot_triangle
D:7:      layout_basic, lemuel_round_altar, uniq_prince_ribbit1

Skill      XL: |  1  2  3 |
---------------+----------+-----
Dodging        | 1 2 |  2.7
Long Blades    | 3 |  3.1
Armour         | 4 |  4.0
Stealth        | 1 |  1.2
Shields        | 4 |  4.0
Fighting       | |  3.8

Action                   |  1- 3 |  4- 6 || total
-------------------------+-------+-------++-------
Melee: Long sword        |    49 |    13 ||    62
  Use: Potion            |     2 |     3 ||     5
Armor: Scale mail        |    32 |     6 ||    38
Dodge: Dodged            |    27 |     3 ||    30
Block: Buckler           |     9 |     1 ||    10

Table legend: (Time is in decaauts)
 A = Elapsed time spent in this place.
 B = Non-inter-level travel time spent in this place.
 C = Inter-level travel time spent in this place.
 D = Time resting spent in this place.
 E = Time spent auto-exploring this place.
 F = Levels seen in this place.
 G = Mean time per level.
                   A        B        C        D        E       F      G
               +--------+--------+--------+--------+--------+-----+--------+
         Total |    430 |    430 |      0 |      0 |      0 |   5 |   86.0 |
       Dungeon |    430 |    430 |      0 |      0 |      0 |   5 |   86.0 |
               +--------+--------+--------+--------+--------+-----+--------+

Top non-repeatable levels by time:
     D:4: 232 daAuts
     D:1: 78 daAuts
     D:3: 57 daAuts
     D:7: 45 daAuts
     D:2: 16 daAuts
